 Dungeon Crawl Stone Soup version 0.31-a0-435-g2c6fae2916 (webtiles) character file.

Game seed: 16043389743904598584

524 Ethylacetat the Changeling (level 7, -7/46 HPs)
             Began as an Octopode Shapeshifter on Aug 1, 2023.
             Killed from afar by a white imp (10 damage)
             ... with a puff of frost
             ... on level 5 of the Dungeon.
             The game lasted 00:07:23 (3323 turns).

Ethylacetat the Changeling (Octopode Shapeshifter)  Turns: 3323, Time: 00:07:23

Health: -7/46      AC:  1    Str: 14    XL:     7   Next: 22%
Magic:  7/7        EV: 19    Int: 11    God:
Gold:   222        SH:  0    Dex: 20    Spells: 6/6 levels left

rFire   . . .        e - +1 spear (venom)
rCold   . . .        (no shield)
rNeg    . . .        (helmet currently unavailable)
rPois   +            (no amulet)
rElec   .            m - +6 ring of dexterity
rCorr   .            p - ring of poison resistance
SInv    .            w - +5 ring of evasion
Will    .....        (no ring)
Stlth   +++          (no ring)
HPRegen 0.27/turn    (no ring)
MPRegen 0.10/turn    (no ring)
                     (no ring)

%: no passive effects
@: beast-form, hasted, very quick
A: beast (slay +3), almost no armour, amphibious, 8 rings, camouflage 1,
gelatinous body 1, (nimble swimmer 1), tentacles
a: Begin Untransformation


You were on level 5 of the Dungeon.
You were a hulking beast.
You visited 1 branch of the dungeon, and saw 6 of its levels.
You also visited: Ossuary.

You collected 222 gold pieces.

Inventory:

Hand Weapons
 e - a +1 spear of venom (weapon)
 x - a +2 mace of venom
Jewellery
 m - a +6 ring of dexterity (left tentacle)
 p - a ring of poison resistance (right tentacle)
 w - a +5 ring of evasion (on tentacle)
 z - an amulet of faith
Talismans
 b - a beast talisman (active)
 n - a serpent talisman
Wands
 s - a wand of light (8)
Scrolls
 d - 9 scrolls of identify {unknown}
 f - a scroll of blinking {unknown}
 g - a scroll of revelation {unknown}
 h - a scroll of teleportation {unknown}
 i - a scroll of silence {unknown}
 j - a scroll of enchant weapon {unknown}
 k - 2 scrolls of brand weapon {unknown}
 o - a scroll of torment {unknown}
 y - a scroll of vulnerability {unknown}
Potions
 a - 2 potions of haste
 c - 2 potions of might
 l - 2 potions of brilliance
 q - a potion of attraction
 r - a potion of heal wounds {unknown}
 t - a potion of mutation {unknown}
 u - a potion of magic {unknown}
 v - a potion of resistance {unknown}


   Skills:
 + Level 3.6 Fighting
 - Level 2.1 Dodging
 + Level 4.6 Unarmed Combat
 * Level 5.3 Shapeshifting


You had 6 spell levels left.
You didn't know any spells.
Your spell library contained the following spells:

 Spells                   Type           Power      Damage    Failure   Level
 Shock                    Conj/Air       0%         1d3       34%         1
 Slow                     Hex            0%         N/A       34%         1
 Scorch                   Fire           0%         2d5       47%         2
 Confusing Touch          Hex            0%         N/A       71%         3
 Vampiric Draining        Necr           0%         2d6       71%         3
 Flame Wave               Conj/Fire      0%         2d4       98%         4
 Summon Cactus Giant      Summ           0%         N/A       100%        6


Dungeon Overview and Level Annotations

Branches:
Dungeon (6/15)            Ossuary (visited)
 Temple: D:4-7

Altars:
Sif Muna
Wu Jian


Innate Abilities, Weirdness & Mutations

You are a hulking beast.
Your limbs bulge with bestial killing power. (Slay +3)
You cannot wear most types of armour.
You are amphibious.
You can wear up to eight rings at the same time.
Your skin changes colour to match your surroundings (Stealth+).
Your rubbery body absorbs attacks. (AC +1, EV +1)
((You are camouflaged when in or above water. (Stealth+)))
You have tentacles for arms and can constrict up to eight enemies at once.


Message History

Unknown command.
Reach: e) +1 spear (venom)
Press: ? - help, Dir - move target, f - gnoll
Aim: a gnoll, wielding a +2 halberd of freezing (about 27% to evade your +1 spear of venom)
You reach to attack!
You closely miss the gnoll. You constrict the gnoll.
You kill the gnoll!
The gnoll barely misses you. The gnoll misses you.
Reach: e) +1 spear (venom)
Press: ? - help, Dir - move target, f/p - gnoll
Aim: a gnoll, wielding a +2 halberd of freezing (about 27% to evade your +1 spear of venom)
You reach to attack!
You closely miss the gnoll. The gnoll misses you.
The gnoll completely misses you.
Reach: e) +1 spear (venom)
Press: ? - help, Dir - move target, f/p - gnoll
Aim: a gnoll, wielding a +2 halberd of freezing (about 27% to evade your +1 spear of venom)
You reach to attack!
You hit the gnoll.
The gnoll is lightly wounded.
The gnoll completely misses you.
An orc comes into view. It is wielding a +0 short sword.
The gnoll closely misses you.
Reach: e) +1 spear (venom)
Press: ? - help, Dir - move target, f/p - gnoll
Aim: a gnoll, wielding a +2 halberd of freezing (lightly wounded, about 27% to evade your +1 spear of venom)
You reach to attack!
You barely miss the gnoll.
The gnoll is lightly wounded.
The gnoll hits you from afar with a +2 halberd of freezing!
The gnoll freezes you.
The gnoll hits you from afar with a +0 spear.
The white imp hits you.
* * * LOW HITPOINT WARNING * * *
The white imp freezes you.
* * * LOW HITPOINT WARNING * * *
The white imp gestures at you. The puff of frost hits you!
* * * LOW HITPOINT WARNING * * *
It was a potion of haste.
You feel yourself speed up. The gnoll completely misses you.
The white imp gestures at you. The puff of frost hits you!
You die...

...... ...... #+#
###.....$ ##.#
......... ##..####
#.....[.. #......#
#.....<.. #......#
+)...#
+......##########...#
#......'.h...5g..g..#
#......##########.###
#..#............#...
#..##.#########.#####
....##.# #.#...#
####.##.# #.#.#.#
#.##.# #.#<#.# #....#
#.###.# ##### #.....#


You could see a gnoll and a white imp.

Vanquished Creatures
  A scorpion (D:4)
  A centaur zombie (Ossuary)
  A hound (D:5)
  2 human zombies (Ossuary)
  3 orc wizards
  A sleepcap (D:5)
  2 iguanas (D:4)
  2 mummies (Ossuary)
  A gnoll (D:5)
  3 adders
  A white imp (D:5)
  2 worms (D:4)
  4 dart slugs
  18 orcs
  10 bats
  4 endoplasms
  3 giant cockroaches
  9 goblins
  6 hobgoblins
  3 jackals (D:1)
  2 quokkas (D:2)
  5 ball pythons
  3 frilled lizards (D:1)
  3 goblin zombies (Ossuary)
  10 hobgoblin zombies (Ossuary)
  3 jackal zombies (Ossuary)
  4 kobolds
  7 kobold zombies (Ossuary)
  10 orc zombies (Ossuary)
  3 rats
  A rat zombie (Ossuary)
128 creatures vanquished.

Notes
Turn   | Place    | Note
-------+----------+-------------------------------------------
     0 | D:1      | Ethylacetat the Octopode Shapeshifter began the quest for
                  | the Orb.
     0 | D:1      | Reached XP level 1. HP: 13/13 MP: 1/1
   117 | D:1      | Reached XP level 2. HP: 18/18 MP: 2/2
   437 | D:1      | Reached XP level 3. HP: 23/23 MP: 3/3
   912 | D:2      | Reached XP level 4. HP: 26/29 MP: 4/4
  1304 | D:3      | Found a faded altar of an unknown god.
  1618 | D:3      | You fall into a shaft and drop 3 floors!
  1637 | D:5      | Entered Level 5 of the Dungeon
  1643 | D:4      | Found an ornate altar of the Wu Jian Council.
  1651 | D:4      | Found a sand-covered staircase.
  1656 | Ossuary  | Entered an ossuary
  1676 | Ossuary  | Reached skill level 4 in Shapeshifting
  1676 | Ossuary  | Reached XP level 5. HP: 32/34 MP: 5/5
  1850 | Ossuary  | Reached XP level 6. HP: 9/41 MP: 6/6
  2417 | D:4      | Found a shimmering blue altar of Sif Muna.
  2436 | D:4      | Reached skill level 5 in Shapeshifting
  2440 | D:4      | Got Sif Muna's Omnibus of Conduction
  2709 | D:4      | Reached XP level 7. HP: 46/46 MP: 7/7
  3315 | D:5      | HP: 1/46 [white imp/puff of frost (8)]
  3323 | D:5      | Killed from afar by a white imp

Illustrated notes

Levels and vault maps discovered:
D:1:      dpeg_arrival_brainrot, layout_basic, minivault_26
D:2:      layout_rooms, kennysheep_generic_room_8
D:3:      layout_basic, hellmonk_ecumenical_altar_inner_sanctum
D:4:      layout_basic, mainiacjoe_overflow_catwalk, led_sif_book,
          nicolae_ossuary_entry_ruins
D:5:      layout_basic, minmay_temple_entry_hall, uniq_sigmund
D:6:      layout_loops_cross

Skill      XL: |  1  2  3  4  5  6 |
---------------+-------------------+-----
Fighting       | 2 3 |  3.6
Shapeshifting  | 4 5 |  5.3
Unarmed Combat | 4 |  4.6
Dodging        | |  2.1

Action                     |  1- 3 |  4- 6 |  7- 9 || total
---------------------------+-------+-------+-------++-------
  Melee: Unarmed           |    11 |       |       ||    11
         Constrict         |    17 |    44 |     7 ||    68
         Tentacles         |     6 |    32 |     4 ||    42
         Spear             |    56 |   187 |    27 ||   270
         Punch             |     2 |     3 |       ||     5
    Use: Potion            |       |     5 |     1 ||     6
   Stab: Sleeping          |    11 |     6 |     1 ||    18
         Distracted        |       |     1 |       ||     1
 Armour: Skin              |     7 |    38 |       ||    45
  Dodge: Dodged            |    27 |    85 |    26 ||   138

Table legend: (Time is in decaauts)
 A = Elapsed time spent in this place.
 B = Non-inter-level travel time spent in this place.
 C = Inter-level travel time spent in this place.
 D = Time resting spent in this place.
 E = Time spent auto-exploring this place.
 F = Levels seen in this place.
 G = Mean time per level.
                   A        B        C        D        E       F      G
               +--------+--------+--------+--------+--------+-----+--------+
         Total |   3346 |   3136 |    210 |    143 |   2167 |   7 |  478.0 |
       Dungeon |   2937 |   2727 |    210 |     26 |   2102 |   6 |  489.5 |
       Ossuary |    408 |    408 |      0 |    117 |     65 |   1 |  408.0 |
               +--------+--------+--------+--------+--------+-----+--------+

Top non-repeatable levels by time:
     D:4: 903 daAuts
     D:1: 780 daAuts
     D:3: 615 daAuts
     D:2: 475 daAuts
 Ossuary: 408 daAuts
     D:5: 144 daAuts
     D:6: 18 daAuts
